 Dungeon Crawl Stone Soup version 0.31-a0-702-gf82c85558f (webtiles) character file.

Game seed: 235235873624491736

100 qw the Shooter (level 4, 0/28 HPs)
             Began as a Gargoyle Hunter on Sept 8, 2023.
             Slain by a gnoll
             ... wielding a +0 halberd
              (9 damage)
             ... on level 2 of the Dungeon.
             The game lasted 00:00:26 (1322 turns).

qw the Shooter (Gargoyle Hunter)                    Turns: 1322, Time: 00:00:26

Health: 0/28       AC:  8    Str: 14    XL:     4   Next: 73%
Magic:  4/4        EV: 10    Int: 10    God:
Gold:   69         SH:  0    Dex: 15    Spells: 3/3 levels left

rFire   . . .        Y - +0 shortbow
rCold   . . .        (shield currently unavailable)
rNeg    + . .        d - +0 ring mail
rPois   inf          (no helmet)
rElec   +            (no cloak)
rCorr   .            (no gloves)
SInv    .            (no boots)
Will    .....        (no amulet)
Stlth   +            (no ring)
HPRegen 0.24/turn    (no ring)
MPRegen 0.09/turn

%: no passive effects
@: slowed, very slow
A: sickness immunity, AC +3, negative energy resistance 1, electricity
resistance, torment resistance 1, petrification resistance
a: no special abilities


You were on level 2 of the Dungeon.
You visited 1 branch of the dungeon, and saw 2 of its levels.

You collected 69 gold pieces.


Innate Abilities, Weirdness & Mutations

You are immune to sickness and miasma.
Your stone body is resilient. (AC +3)
You are immune to poison.
You resist negative energy. (rN+)
You are resistant to electric shocks. (rElec)
You are resistant to unholy torment.
You are immune to petrification.


   Skills:
 - Level 3.1 Fighting
 + Level 5.4 Ranged Weapons
 - Level 1.0 Armour
 - Level 1.5 Dodging
 - Level 1.1 Stealth


You had 3 spell levels left.
You didn't know any spells.
Your spell library was empty.

Inventory:

Hand Weapons
 Y - a +0 shortbow (weapon)
Armour
 d - a +0 ring mail (worn)
Scrolls
 a - a scroll of teleportation {unknown}
 b - a scroll of identify

Dungeon Overview and Level Annotations

Branches:
Dungeon (2/15)

Altars:

Annotations:
D:2 Natasha


Message History

You kill the endoplasm!
b - a scroll of identify Natasha, Servant of Life and Death comes into view.
Natasha hisses angrily.
You hear a shout!
Natasha moves out of view. 2 gnolls come into view.
The gnoll shouts! x2
Enter note:
Enter note:
1314 |||
Found retreat position at 0,2 (floor) with 0 blocking monsters and 2 monsters attacking at destination at distance 2
Enter note:
Enter note:
1314 |||
Found retreat position at -14,5 (floor) with 0 blocking monsters and 1 monsters attacking at destination at distance 21
Enter note:
Enter note:
1314 ||| RETREATING.
You shoot an arrow. The arrow hits the gnoll.
The gnoll is heavily wounded.
You shoot an arrow. The arrow barely misses the gnoll.
You shoot an arrow. The arrow closely misses the gnoll.
The gnoll closely misses you.
1319 |||
Found retreat position at 0,1 (floor) with 0 blocking monsters and 2 monsters attacking at destination at distance 1
Enter note:
Enter note:
1319 ||| Stepping ~*~*~tactically~*~*~ (retreating).
You shoot an arrow. The arrow hits the gnoll!
You kill the gnoll!
Natasha stares at you and mumbles some strange words.
You feel yourself slow down.
You shoot an arrow.
The arrow hits the gnoll but does no damage.
Natasha mumbles some strange words.
The gnoll hits you from afar with a +0 halberd! x2
You hear a shout!
You shoot an arrow. The arrow hits the gnoll.
The gnoll is heavily wounded.
Natasha mewls in sadness.
Natasha casts a spell.
The gnoll hits you from afar with a +0 halberd!
You die...

## .... ## .# ... ...
.# ..#gg .# # ... .#
#.##.###5# .#
#......h.# .#
##.#.##g## .#
#.#.##.# .## #.#.##@#
#.## #.#.##.# ##.##
#.#.##.# ##.#
#......# ##.###
###..###
#....########...####.
...#...............'.
...#.########...####.
...#.)..# ...##


You could see Natasha, a gnoll and a cerulean imp (summoned).

Vanquished Creatures
  Natasha (twice) (D:2)
  A gnoll (D:2)
  An adder (D:2)
  4 endoplasms
  A giant cockroach (D:1)
  3 goblins
  9 jackals
  2 kobolds (D:2)
  A quokka (D:1)
  2 ball pythons (D:1)
  A bat (D:1)
  2 frilled lizards (D:1)
29 creatures vanquished.

Notes
Turn   | Place    | Note
-------+----------+-------------------------------------------
     0 | D:1      | qw the Gargoyle Hunter began the quest for the Orb.
     0 | D:1      | Reached XP level 1. HP: 12/12 MP: 1/1
     0 | D:1      | 0 ||| qw: Version: 0.3-a-76-g4403597
     0 | D:1      | 0 ||| qw: Game counter: 973
     0 | D:1      | 0 ||| qw: Melee chars always use a shield: true
     0 | D:1      | 0 ||| qw: God list: Okawaru
     0 | D:1      | 0 ||| qw: Allow faded altars: false
     0 | D:1      | 0 ||| qw: Do Orc after clearing Dungeon:15 true
     0 | D:1      | 0 ||| qw: Do second Lair branch before Depths: true
     0 | D:1      | 0 ||| qw: Lair rune preference: random
     0 | D:1      | 0 ||| qw: Goals: Normal
     0 | D:1      | 0 ||| PLANNING D:1-11
   249 | D:1      | You fall into a shaft and drop 1 floor!
   291 | D:2      | Reached XP level 2. HP: 17/17 MP: 2/2
   364 | D:2      | 364 ||| UPGRADING to +0 ring mail.
   374 | D:2      | 374 ||| DROPPING +0 leather armour.
   375 | D:2      | 375 ||| READING scroll labelled RAFFIFOPOF.
   376 | D:2      | 376 ||| DROPPING scroll of butterflies.
   743 | D:1      | Reached skill level 1 in Armour
   836 | D:1      | 836 ||| READING scroll labelled YXKYGYZYARET.
   837 | D:1      | 837 ||| READING scroll labelled DUDOQE GOOFFI.
   963 | D:2      | Noticed Natasha
   968 | D:2      | Killed Natasha
   969 | D:2      | Reached skill level 5 in Ranged Weapons
   969 | D:2      | Reached XP level 3. HP: 17/21 MP: 3/3
  1035 | D:2      | Noticed Natasha
  1042 | D:2      | HP: 1/22 [cerulean imp/+0 spear[Natasha] (5)]
  1044 | D:2      | Killed Natasha
  1045 | D:2      | Reached skill level 3 in Fighting
  1045 | D:2      | Reached XP level 4. HP: 2/28 MP: 4/4
  1312 | D:2      | Noticed Natasha
  1314 | D:2      | 1314 ||| RETREATING.
  1319 | D:2      | 1319 ||| Stepping ~*~*~tactically~*~*~ (retreating).
  1322 | D:2      | Slain by a gnoll

Levels and vault maps discovered:
D:1:      minmay_arrival_stair_chambers, layout_basic,
          minmay_misc_feat_more_columns
D:2:      layout_loops_corners, uniq_robin, uniq_natasha

Skill      XL: |  1  2  3 |
---------------+----------+-----
Armour         | 1 |  1.0
Ranged Weapons | 5 |  5.4
Fighting       | 3 |  3.1
Dodging        | |  1.5
Stealth        | |  1.1

Action                     |  1- 3 |  4- 6 || total
---------------------------+-------+-------++-------
   Fire: Shortbow          |   100 |    14 ||   114
    Use: Scroll            |     3 |       ||     3
 Armour: Leather armour    |    16 |       ||    16
         Ring mail         |    25 |     5 ||    30
  Dodge: Dodged            |    36 |     1 ||    37

Table legend:
 A = Non-vault XP
 B = Vault XP
 C = Vault XP percentage of total XP
 D = Non-vault monster count
 E = Vault monster count
 F = Vault count percentage of total count
                 A         B        C        D         E       F
            +---------+---------+-------+---------+---------+-------
      Total |     108 |      35 |  24.5 |      28 |       1 |   3.4
            +---------+---------+-------+---------+---------+-------
        D:1 |      19 |       0 |   0.0 |      12 |       0 |   0.0
        D:2 |      89 |      35 |  28.2 |      16 |       1 |   5.9
            +---------+---------+-------+---------+---------+-------
